 Dungeon Crawl Stone Soup version 0.25-a0-194-gece12570e2 (webtiles) character file.

Game seed: 1348776926432626761, levelgen mode: deterministic

118 wvc the Magician (level 4, 0/36 HPs)
             Began as a Draconian Wanderer on Nov 30, 2019.
             Slain by a gnoll
             ... wielding a +0 whip
              (3 damage)
             ... on level 3 of the Dungeon.
             The game lasted 00:10:17 (3014 turns).

wvc the Magician (Draconian Wanderer)               Turns: 3014, Time: 00:10:18

Health: 0/36       AC:  6    Str: 14    XL:     4   Next: 72%
Magic:  2/9        EV: 11    Int: 15    God:
Gold:   219        SH:  0    Dex:  9    Spells: 3/9 levels left

rFire    . . .     SeeInvis +   a - +1 dagger (protect)
rCold    . . .     Gourm    .   (no shield)
rNeg     . . .     Faith    .   (armour unavailable)
rPois    .         Spirit   .   (helmet restricted)
rElec    .         Reflect  .   (no cloak)
rCorr    .         Harm     .   e - +0 pair of gloves
MR       .....                  (no boots)
Stlth    +.........             (no amulet)
HPRegen  0.12/turn              h - ring of see invisible
MPRegen  0.11/turn              (no ring)

@: no status effects
A: unfitting armour, cold-blooded, AC +5
a: no special abilities


You were on level 3 of the Dungeon.
You were not hungry.

You visited 1 branch of the dungeon, and saw 3 of its levels.

You collected 219 gold pieces.

Inventory:

Hand Weapons
 a - a +1 dagger of protection (weapon)
 d - a +0 mace
 n - a +0 spear
Missiles
 b - 20 arrows
Armour
 e - a +0 pair of gloves (worn)
Jewellery
 h - a ring of see invisible (left hand)
Scrolls
 i - a scroll of amnesia {unknown}
 m - 2 scrolls of magic mapping
Potions
 c - a potion of lignification
 j - a potion of heal wounds {unknown}
 k - a potion of agility
 l - a potion of flight
Comestibles
 f - 2 rations


   Skills:
 - Level 2.3 Fighting
 - Level 2.0 Maces & Flails
 - Level 1.0 Stealth
 - Level 1.4 Unarmed Combat
 + Level 3.3 Spellcasting
 + Level 1.6 Conjurations
   Level 2.6 Charms
 * Level 0.6 Fire Magic
   Level 1.0 Evocations


You had 3 spell levels left.
You knew the following spells:

 Your Spells              Type           Power        Failure   Level  Hunger
a - Blink                 Tloc           N/A          28%         2    ##.....
b - Magic Dart            Conj           #...         10%         1    None
c - Conjure Flame         Conj/Fire      #.......     36%         3    ###....

Your spell library contained the following spells:

 Spells                   Type           Power        Failure   Level  Hunger
 Pain                     Necr           #...         19%         1    None
 Call Imp                 Summ           #.......     28%         2    ##.....
 Slow                     Hex            #.......     28%         2    ##.....
 Mephitic Cloud           Conj/Pois/Air  #.......     43%         3    ###....
 Vampiric Draining        Necr           #.........   50%         3    ###....


Dungeon Overview and Level Annotations

Branches:
Dungeon (3/15)

Altars:
Makhleb

Annotations:
D:3 3 runed translucent doors, bmj180's ghost, amateur DsBe


Innate Abilities, Weirdness & Mutations

Your plain brown scales are hard. (AC +5)
You cannot fit into any form of body armour.
You are cold-blooded and may be slowed by cold attacks.


Message History

The gnoll hits you with a +0 whip!
* * * LOW HITPOINT WARNING * * *
Casting: Magic Dart (safe; 10% risk of failure)
Confirm with . or Enter, or press ? or * to list all spells.
Aiming: Magic Dart (safe; 10% risk of failure)
Press: ? - help, Shift-Dir - straight line, f/p - gnoll
Aim: a gnoll, wielding a +0 whip (heavily wounded)
The magic dart hits the gnoll.
The gnoll is severely wounded.
The gnoll hits you with a +0 whip!
* * * LOW HITPOINT WARNING * * *
Casting: Magic Dart (safe; 10% risk of failure)
Confirm with . or Enter, or press ? or * to list all spells.
Aiming: Magic Dart (safe; 10% risk of failure)
Press: ? - help, Shift-Dir - straight line, f/p - gnoll
Aim: a gnoll, wielding a +0 whip (severely wounded)
The magic dart hits the gnoll but does no damage.
The gnoll is severely wounded.
The gnoll hits you with a +0 whip.
You die...

##...## ##....#####.......
##########...(.# #.......
##.........## #.......
##..........##########...
#................ .....##
#.........)...######.....
#............## #..<.....
######..........## #.###....
#..........g@...#####.###..(.
#............................
#........######.####.####....
###.(...##.........#.# #....
####.##.###<..........# #....
#.......# #>........### #....
#..รท....# #..#####..# #####
#.......# #.##KK.##.#
##.......###.#K#K#.###


You could see a gnoll.

Vanquished Creatures
  2 gnolls
  2 adders (D:3)
  2 oozes
  4 dart slugs
  A leopard gecko (D:3)
  3 giant cockroaches
  9 goblins
  7 hobgoblins
  6 jackals
  A quokka (D:2)
  A ball python (D:3)
  10 bats
  3 frilled lizards
  5 kobolds
  5 rats
61 creatures vanquished.

Notes
Turn   | Place    | Note
-------+----------+-------------------------------------------
     0 | D:1      | wvc the Draconian Wanderer began the quest for the Orb.
     0 | D:1      | wvc set off with the following items: a +0 club, a potion
                  | of lignification, a ration; and the following spells
                  | available to memorise: Magic Dart, Pain, Blink, Call Imp,
                  | Slow, Conjure Flame, Mephitic Cloud, Vampiric Draining
     0 | D:1      | Reached XP level 1. HP: 17/17 MP: 3/3
   265 | D:1      | Reached XP level 2. HP: 24/24 MP: 5/5
   307 | D:1      | HP: 1/24 [hobgoblin/+0 club (6)]
   309 | D:1      | Reached skill level 1 in Maces & Flails
   604 | D:1      | Learned a level 2 spell: Blink
   606 | D:1      | Learned a level 1 spell: Magic Dart
   978 | D:1      | Reached XP level 3. HP: 29/29 MP: 0/6
  1079 | D:1      | meem: I'm meem, an infobot run by MalcolmRoseGaming: Type
                  | !submeem to keep me in your games; !nomeem to shut me up
                  | forever; !meem for help; !whymeem if you want to know why
                  | meem exists. Visit http://youtube.com/malcolmrosegaming for
                  | more DCSS content.
  1337 | D:1      | Learned a level 3 spell: Conjure Flame
  1468 | D:2      | Found a burning altar of Makhleb.
  1468 | D:2      | Noticed a green death
  2175 | D:3      | Found a runed translucent gate.
  2175 | D:3      | Found a runed translucent gate.
  2175 | D:3      | Found a runed translucent gate.
  2176 | D:3      | Identified the +5 short sword of Ywnuqag {chaos, rF++
                  | Str+6}
  2176 | D:3      | Noticed a big kobold
  2176 | D:3      | Noticed bmj180's ghost (amateur DsBe)
  2176 | D:3      | Noticed a big kobold
  2200 | D:3      | Reached skill level 3 in Spellcasting
  2200 | D:3      | Reached skill level 1 in Conjurations
  2200 | D:3      | Reached XP level 4. HP: 14/36 MP: 1/8
  3014 | D:3      | Slain by a gnoll

Levels and vault maps discovered:
D:1:      co_arrival_random_square_maze, layout_basic
D:2:      layout_loops_ring, makhleb_altar_promises_db
D:3:      layout_rooms, gammafunk_ghost_nasty_kobolds

Skill      XL: |  1  2  3  4 |
---------------+-------------+-----
Maces & Flails | 1 2 |  2.0
Spellcasting   | 3 |  3.3
Conjurations   | 1 |  1.6
Fighting       | |  2.3
Stealth        | |  1.0
Unarmed Combat | |  1.4
Charms         | |  2.6
Fire Magic     | |  0.6
Evocations     | |  1.0

Action                   |  1- 3 |  4- 6 || total
-------------------------+-------+-------++-------
Melee: Club              |    22 |       ||    22
       Mace              |    34 |       ||    34
       Punch             |     2 |       ||     2
       Dagger            |    91 |    56 ||   147
       Tailslap          |    13 |     5 ||    18
 Cast: Magic Dart        |    57 |    52 ||   109
  Use: Scroll            |     6 |       ||     6
  Eat: Chunk             |     4 |       ||     4
       Ration            |     1 |     1 ||     2
Armor: Skin              |    75 |    20 ||    95
Dodge: Dodged            |   109 |    36 ||   145

Table legend:
 A = Non-vault XP
 B = Vault XP
 C = Vault XP percentage of total XP
 D = Non-vault monster count
 E = Vault monster count
 F = Vault count percentage of total count
                 A         B        C        D         E       F
            +---------+---------+-------+---------+---------+-------
      Total |     169 |       0 |   0.0 |      61 |       0 |   0.0
            +---------+---------+-------+---------+---------+-------
        D:1 |      53 |       0 |   0.0 |      25 |       0 |   0.0
        D:2 |      44 |       0 |   0.0 |      19 |       0 |   0.0
        D:3 |      72 |       0 |   0.0 |      17 |       0 |   0.0
            +---------+---------+-------+---------+---------+-------
